AA
OKLAHOMA CITY 89ERS @ INDIANAPOLIS INDIANS
08/22/1982
 
TOP OF THE 1ST
Oklahoma City 89ers batting - Pitching for Indianapolis Indians : RHP Andrew Muhlstock
Pitching: RHP Andrew Muhlstock
Batting: RHB James Glenn 0-0: Called Strike
0-1: Foul Ball, location: 2F
0-2: Fly out, F8 (Flyball, 78D, EV 101.9 MPH)
Batting: RHB John Christensen 0-0: Ball
1-0: Called Strike
1-1: Foul Ball, location: 2F
1-2: Foul Ball, location: 2F
1-2: Strikes out looking
Batting: LHB Tom O'Malley 0-0: Called Strike
0-1: Ball
1-1: Called Strike
1-2: Ball
2-2: Strikes out swinging
Top of the 1st over - 0 runs, 0 hits, 0 errors, 0 left on base; Oklahoma City 0 - Indianapolis 0
BOTTOM OF THE 1ST
Indianapolis Indians batting - Pitching for Oklahoma City 89ers : RHP Kennedy Corzel
Pitching: RHP Kennedy Corzel
Batting: SHB Julio Estrada 0-0: Ball
1-0: Ball
2-0: Called Strike
2-1: Ball
3-1: Foul Ball, location: 2F
3-2: Fly out, F9 (Flyball, 89M, EV 81.9 MPH)
Batting: LHB Roberto Ruiz 0-0: Ball
1-0: Ball
2-0: Called Strike
2-1: Ground out 4-3 (Groundball, 4, EV 90.0 MPH)
Batting: RHB Luis Gonzalez 0-0: Called Strike
0-1: Swinging Strike
0-2: Foul Ball, location: 2F
0-2: Strikes out looking
Bottom of the 1st over - 0 runs, 0 hits, 0 errors, 0 left on base; Oklahoma City 0 - Indianapolis 0
TOP OF THE 2ND
Oklahoma City 89ers batting - Pitching for Indianapolis Indians : RHP Andrew Muhlstock
Batting: RHB David Green 0-0: SINGLE (Flyball, 8LS, EV 100.0 MPH)
Batting: RHB Cecil Fielder 0-0: Ball
David Green is caught stealing 2nd base 2-4
1-0: Swinging Strike
1-1: Ball
2-1: SOLO HOME RUN (Flyball, 7D, EV 105.0 MPH), Distance : 378 ft
Batting: RHB Tim Tolman 0-0: Fly out, F9 (Flyball, 9S, EV 87.5 MPH)
Batting: RHB Peter Reppucci 0-0: Ball
1-0: Ball
2-0: Called Strike
2-1: SINGLE (Line Drive, 9LS, EV 95.0 MPH)
Batting: RHB Danny Jasso 0-0: Ball
Peter Reppucci steals 2nd base
1-0: Ball
2-0: Ball
3-0: Called Strike
3-1: Foul Ball, location: 2F
3-2: Ground out 6-3 (Groundball, 6M, EV 93.1 MPH)
Top of the 2nd over - 1 run, 3 hits, 0 errors, 1 left on base; Oklahoma City 1 - Indianapolis 0
BOTTOM OF THE 2ND
Indianapolis Indians batting - Pitching for Oklahoma City 89ers : RHP Kennedy Corzel
Batting: LHB Scott Radloff 0-0: Swinging Strike
0-1: Ground out 4-3 (Groundball, 4, EV 90.6 MPH)
Batting: RHB Pat Rooney 0-0: Ball
1-0: SOLO HOME RUN (Flyball, 8RXD, EV 93.8 MPH), Distance : 453 ft
Batting: RHB Steven Campbell 0-0: Fly out, F8 (Flyball, 89M, EV 83.8 MPH)
Batting: RHB Bill Lindsey 0-0: Ball
1-0: Foul Ball, location: 2F
1-1: Ball
2-1: Called Strike
2-2: Foul Ball, location: 2F
2-2: Fly out, F4 (Popup, 34S, EV 80.6 MPH)
Bottom of the 2nd over - 1 run, 1 hit, 0 errors, 0 left on base; Oklahoma City 1 - Indianapolis 1
TOP OF THE 3RD
Oklahoma City 89ers batting - Pitching for Indianapolis Indians : RHP Andrew Muhlstock
Batting: RHB Robert Bailey 0-0: Called Strike
0-1: Ball
1-1: Ball
2-1: DOUBLE (Line Drive, 8LXD, EV 106.9 MPH)
Batting: RHB James Glenn 0-0: Foul Ball, location: 2F
0-1: Swinging Strike
0-2: Ball
1-2: Fly out, F9 (Line Drive, 9D, EV 93.1 MPH)
Runner from 2nd tags up, SAFE at 3rd, no throw by RF
Batting: RHB John Christensen 0-0: Ball
1-0: SINGLE (Groundball, 5D, EV 109.4 MPH)
Robert Bailey scores
Batting: LHB Tom O'Malley 0-0: Ball
1-0: Ball
2-0: Foul Ball, location: 2F
2-1: Foul Ball, location: 2F
2-2: Fielders Choice at 2nd, 3-6 (Groundball, 3, EV 86.9 MPH)
Batting: RHB David Green 0-0: Called Strike
0-1: Foul Ball, location: 2F
0-2: Ball
1-2: DOUBLE (Line Drive, 7LM, EV 103.1 MPH)
Tom O'Malley to third
Runner from 3rd tries for Home, SAFE, throw by LF to trailing runner, SAFE at third!
Batting: RHB Cecil Fielder 0-0: Ball
1-0: Called Strike
1-1: Ball
2-1: Ground out 4-3 (Groundball, 4, EV 109.4 MPH)
Top of the 3rd over - 2 runs, 3 hits, 0 errors, 1 left on base; Oklahoma City 3 - Indianapolis 1
BOTTOM OF THE 3RD
Indianapolis Indians batting - Pitching for Oklahoma City 89ers : RHP Kennedy Corzel
Batting: LHB David Bertulli 0-0: Ground out 5-3 (Groundball, 56, EV 110.6 MPH)
Batting: RHB Juan Bernhardt 0-0: SINGLE (Line Drive, 8RS, EV 109.4 MPH)
Batting: SHB Julio Estrada Pickoff Throw to First - Error! E1
Juan Bernhardt to second
0-0: Ball
1-0: Foul Ball, location: 2F
1-1: Ground out 6-3 (Groundball, 6MD, EV 87.5 MPH)
Juan Bernhardt to third
Batting: LHB Roberto Ruiz 0-0: Ball
1-0: Called Strike
1-1: Called Strike
1-2: Ball
2-2: Ball
3-2: Foul Ball, location: 2F
3-2: Strikes out swinging
Bottom of the 3rd over - 0 runs, 1 hit, 1 error, 1 left on base; Oklahoma City 3 - Indianapolis 1
TOP OF THE 4TH
Oklahoma City 89ers batting - Pitching for Indianapolis Indians : RHP Andrew Muhlstock
Batting: RHB Tim Tolman 0-0: Foul Ball, location: 2F
0-1: Ball
1-1: Swinging Strike
1-2: Ball
2-2: Ball
3-2: Fly out, F5 (Popup, 5SF, EV 83.8 MPH)
Batting: RHB Peter Reppucci 0-0: Ball
1-0: Ball
2-0: Ground out 5-3 (Groundball, 56, EV 85.6 MPH)
Batting: RHB Danny Jasso 0-0: Ball
1-0: SINGLE (Line Drive, 89S, EV 113.8 MPH)
Batting: RHB Robert Bailey 0-0: Ball
1-0: Foul Ball, location: 2F
1-1: Ball
Danny Jasso is caught stealing 2nd base 2-4
Top of the 4th over - 0 runs, 1 hit, 0 errors, 0 left on base; Oklahoma City 3 - Indianapolis 1
BOTTOM OF THE 4TH
Indianapolis Indians batting - Pitching for Oklahoma City 89ers : RHP Kennedy Corzel
Batting: RHB Luis Gonzalez 0-0: Ball
1-0: Swinging Strike
1-1: Ball
2-1: Ball
3-1: Base on Balls
Batting: LHB Scott Radloff 0-0: Ball
1-0: Foul Ball, location: 2F
1-1: Ball
2-1: Ball
3-1: Called Strike
3-2: Fly out, F6 (Line Drive, 6, EV 68.8 MPH)
Batting: RHB Pat Rooney 0-0: Grounds into double play, 4-6-3 (Groundball, 4, EV 85.0 MPH)
Bottom of the 4th over - 0 runs, 0 hits, 0 errors, 0 left on base; Oklahoma City 3 - Indianapolis 1
TOP OF THE 5TH
Oklahoma City 89ers batting - Pitching for Indianapolis Indians : RHP Andrew Muhlstock
Batting: RHB Robert Bailey 0-0: Foul Ball, location: 2F
0-1: Swinging Strike
0-2: Strikes out swinging
Batting: RHB James Glenn 0-0: Ball
1-0: Ball
2-0: Called Strike
2-1: Ball
3-1: Foul Ball, location: 2F
3-2: Ground out 4-3 (Groundball, 4M, EV 88.1 MPH)
Batting: RHB John Christensen 0-0: Ball
1-0: Ground out 6-3 (Groundball, 6S, EV 85.6 MPH)
Top of the 5th over - 0 runs, 0 hits, 0 errors, 0 left on base; Oklahoma City 3 - Indianapolis 1
BOTTOM OF THE 5TH
Indianapolis Indians batting - Pitching for Oklahoma City 89ers : RHP Kennedy Corzel
Batting: RHB Steven Campbell 0-0: Called Strike
0-1: Called Strike
0-2: Ball
1-2: Foul Ball, location: 2F
1-2: Strikes out swinging
Batting: RHB Bill Lindsey 0-0: Called Strike
0-1: Foul Ball, location: 2F
0-2: Fly out, F4 (Flyball, 4MD, EV 83.1 MPH)
Batting: LHB David Bertulli 0-0: Foul Ball, location: 2F
0-1: Ball
1-1: Foul Ball, location: 2F
1-2: Fly out, F7 (Flyball, 7LM, EV 80.0 MPH)
Bottom of the 5th over - 0 runs, 0 hits, 0 errors, 0 left on base; Oklahoma City 3 - Indianapolis 1
TOP OF THE 6TH
Oklahoma City 89ers batting - Pitching for Indianapolis Indians : RHP Andrew Muhlstock
Batting: LHB Tom O'Malley 0-0: Ball
1-0: Ball
2-0: Called Strike
2-1: Ball
3-1: Foul Ball, location: 2F
3-2: Foul Ball, location: 2F
3-2: Foul Ball, location: 2F
3-2: Strikes out swinging
Batting: RHB David Green 0-0: Ball
1-0: Ball
2-0: Ground out 4-3 (Groundball, 4, EV 83.8 MPH)
Batting: RHB Cecil Fielder 0-0: Swinging Strike
0-1: Ball
1-1: Swinging Strike
1-2: Strikes out swinging
Top of the 6th over - 0 runs, 0 hits, 0 errors, 0 left on base; Oklahoma City 3 - Indianapolis 1
BOTTOM OF THE 6TH
Indianapolis Indians batting - Pitching for Oklahoma City 89ers : RHP Kennedy Corzel
Batting: RHB Juan Bernhardt 0-0: SINGLE (Groundball, 3D, EV 105.6 MPH)
Batting: SHB Julio Estrada 0-0: Bunt missed!
0-1: Fly out, F9 (Line Drive, 9, EV 86.3 MPH)
Batting: LHB Roberto Ruiz 0-0: Ball
1-0: Called Strike
1-1: Fly out, F6 (Popup, 6, EV 74.4 MPH)
Batting: RHB Luis Gonzalez 0-0: Called Strike
Juan Bernhardt steals 2nd base
0-1: Foul Ball, location: 2F
0-2: Ball
1-2: Foul Ball, location: 2F
1-2: Ball
2-2: Ball
3-2: Ground out 6-3 (Groundball, 6, EV 81.9 MPH)
Bottom of the 6th over - 0 runs, 1 hit, 0 errors, 1 left on base; Oklahoma City 3 - Indianapolis 1
TOP OF THE 7TH
Oklahoma City 89ers batting - Pitching for Indianapolis Indians : RHP Andrew Muhlstock
Batting: RHB Tim Tolman 0-0: Ball
1-0: Swinging Strike
1-1: Ground out 5-3 (Groundball, 56S, EV 68.1 MPH)
Batting: RHB Peter Reppucci 0-0: Ball
1-0: Ball
2-0: Called Strike
2-1: Ball
3-1: Called Strike
3-2: Ground out U3 (Groundball, 13, EV 85.6 MPH)
Batting: RHB Danny Jasso 0-0: Ground out 6-3 (Groundball, 6S, EV 86.3 MPH)
Top of the 7th over - 0 runs, 0 hits, 0 errors, 0 left on base; Oklahoma City 3 - Indianapolis 1
BOTTOM OF THE 7TH
Indianapolis Indians batting - Pitching for Oklahoma City 89ers : RHP Kennedy Corzel
Batting: LHB Scott Radloff 0-0: Ball
1-0: Ball
2-0: Foul Ball, location: 2F
2-1: Called Strike
2-2: Ball
3-2: SOLO HOME RUN (Flyball, 89XD, EV 96.3 MPH), Distance : 440 ft
Batting: RHB Pat Rooney 0-0: Ball
1-0: Ball
2-0: Ball
3-0: Called Strike
3-1: Called Strike
3-2: Foul Ball, location: 2F
3-2: SOLO HOME RUN (Line Drive, 7D, EV 103.8 MPH), Distance : 378 ft
Batting: RHB Steven Campbell 0-0: Ball
1-0: Fly out, F9 (Flyball, 9LD, EV 77.5 MPH)
Batting: RHB Bill Lindsey 0-0: Called Strike
0-1: Ball
1-1: Fly out, F7 (Flyball, 78M, EV 91.9 MPH)
Batting: LHB David Bertulli 0-0: Ball
1-0: SINGLE (Groundball, 34D, EV 97.5 MPH)
Batting: RHB Juan Bernhardt 0-0: Called Strike
0-1: Ball
Wild Pitch!
David Bertulli to second
1-1: Foul Ball, location: 2F
1-2: Strikes out swinging
Bottom of the 7th over - 2 runs, 3 hits, 0 errors, 1 left on base; Oklahoma City 3 - Indianapolis 3
TOP OF THE 8TH
Oklahoma City 89ers batting - Pitching for Indianapolis Indians : RHP Andrew Muhlstock
Batting: RHB Robert Bailey 0-0: Called Strike
0-1: Ball
1-1: Fly out, F3 (Popup, 3SF, EV 61.9 MPH)
Batting: RHB James Glenn 0-0: Ground out 1-3 (Groundball, 34S, EV 68.8 MPH)
Batting: RHB John Christensen 0-0: Ball
1-0: Swinging Strike
1-1: Foul Ball, location: 2F
1-2: Strikes out swinging
Top of the 8th over - 0 runs, 0 hits, 0 errors, 0 left on base; Oklahoma City 3 - Indianapolis 3
BOTTOM OF THE 8TH
Indianapolis Indians batting - Pitching for Oklahoma City 89ers : RHP Kennedy Corzel
Batting: SHB Julio Estrada 0-0: Called Strike
0-1: Ball
1-1: Foul Ball, location: 2F
1-2: Foul Ball, location: 2F
1-2: Fly out, F7 (Flyball, 7LS, EV 86.9 MPH)
Batting: LHB Roberto Ruiz 0-0: Ball
1-0: DOUBLE (Popup, 4D, EV 55.6 MPH)
Batting: RHB Luis Gonzalez 0-0: Ball
1-0: Foul Ball, location: 2F
1-1: Ball
2-1: Ball
3-1: Fly out, F8 (Flyball, 89D, EV 106.3 MPH)
Runner from 2nd tags up, SAFE at 3rd, no throw by CF
Batting: LHB Scott Radloff 0-0: Intentional Walk
Batting: RHB Pat Rooney 0-0: Ball
1-0: Ground out U3 (Groundball, 34, EV 86.3 MPH)
Bottom of the 8th over - 0 runs, 1 hit, 0 errors, 2 left on base; Oklahoma City 3 - Indianapolis 3
TOP OF THE 9TH
Oklahoma City 89ers batting - Pitching for Indianapolis Indians : RHP Andrew Muhlstock
Pitching: LHP Lee Guetterman
Batting: LHB Tom O'Malley 0-0: Ground out 4-3 (Groundball, 4S, EV 67.5 MPH)
Batting: RHB David Green 0-0: Swinging Strike
0-1: Ball
1-1: Ball
2-1: Ball
3-1: Swinging Strike
3-2: Strikes out swinging
Batting: RHB Cecil Fielder 0-0: Called Strike
0-1: Swinging Strike
0-2: Strikes out swinging
Top of the 9th over - 0 runs, 0 hits, 0 errors, 0 left on base; Oklahoma City 3 - Indianapolis 3
BOTTOM OF THE 9TH
Indianapolis Indians batting - Pitching for Oklahoma City 89ers : RHP Kennedy Corzel
Pitching: RHP Ernie Camacho
Batting: RHB Steven Campbell 0-0: Swinging Strike
0-1: Ball
1-1: Foul Ball, location: 2F
1-2: Strikes out looking
Pinch Hitting: SHB Bobby Ball 0-0: Ball
1-0: Swinging Strike
1-1: Ball
2-1: Ball
3-1: Base on Balls
Pinch Hitting: LHB Kevin Schoendienst 0-0: Ball
1-0: Called Strike
Bobby Ball steals 2nd base (no throw)
1-1: Intentional Walk
Pinch Hitting: LHB James Maxwell 0-0: Swinging Strike
0-1: Ball
1-1: Ground out 4-3 (Groundball, 13, EV 80.6 MPH)
Bobby Ball to third
Kevin Schoendienst to second
Batting: SHB Julio Estrada 0-0: Ball
1-0: Fly out, F6 (Popup, 6M, EV 55.6 MPH)
Bottom of the 9th over - 0 runs, 0 hits, 0 errors, 2 left on base; Oklahoma City 3 - Indianapolis 3
TOP OF THE 10TH
Oklahoma City 89ers batting - Pitching for Indianapolis Indians : LHP Lee Guetterman
Now at C: Frank Estrada
Now at 3B: Kevin Schoendienst
Now at SS: Robert Bonnette
Batting: RHB Tim Tolman 0-0: Ground out 6-3 (Groundball, 6M, EV 105.6 MPH)
Pinch Hitting: RHB Richard Howard 0-0: Called Strike
0-1: Called Strike
0-2: Foul Ball, location: 2F
0-2: Ball
1-2: SOLO HOME RUN (Flyball, 7D, EV 100.6 MPH), Distance : 365 ft
Batting: RHB Danny Jasso 0-0: Called Strike
0-1: Reached on error, E5 (Groundball, 56S, EV 65.6 MPH)
Batting: RHB Robert Bailey 0-0: Called Strike
0-1: SINGLE (Groundball, 6MD, EV 93.8 MPH)
Danny Jasso to third
Runner from 3rd tries for Home, SAFE, throw by CF to home
Batting: RHB James Glenn 0-0: Foul Ball, location: 2F
0-1: Ball
1-1: Called Strike
1-2: Ball
2-2: Ball
3-2: Base on Balls
Robert Bailey to second
Batting: RHB John Christensen 0-0: Ball
1-0: Swinging Strike
1-1: Grounds into double play, 4-6-3 (Groundball, 4M, EV 90.0 MPH)
Top of the 10th over - 2 runs, 2 hits, 1 error, 1 left on base; Oklahoma City 5 - Indianapolis 3
BOTTOM OF THE 10TH
Indianapolis Indians batting - Pitching for Oklahoma City 89ers : RHP Ernie Camacho
Now at 3B: Domingo Nunez
Batting: LHB Roberto Ruiz 0-0: Called Strike
0-1: Ball
1-1: SINGLE (Groundball, 56D, EV 101.3 MPH) (infield hit)
Batting: RHB Luis Gonzalez 0-0: Ball
1-0: Called Strike
1-1: Fly out, F4 (Line Drive, 4, EV 68.8 MPH)
Batting: LHB Scott Radloff 0-0: Swinging Strike
0-1: Ball
1-1: Foul Ball, location: 2F
1-2: Strikes out swinging
Batting: RHB Pat Rooney 0-0: Swinging Strike
0-1: Fly out, F7 (Flyball, 7S, EV 97.5 MPH)
Bottom of the 10th over - 0 runs, 1 hit, 0 errors, 1 left on base; Oklahoma City 5 - Indianapolis 3
Wednesday, August 26th, 2020 - OOTP Baseball 21.5 Build 76